 Dungeon Crawl Stone Soup version 0.27-a0-965-gbf8bb431c4 (webtiles) character file.

Game seed: 10124303742314212099

2968 mhtbhm the Geomancer (level 9, -11/52 HPs)
             Began as a Gargoyle Earth Elementalist on Apr 12, 2021.
             Was a Follower of Vehumet.
             Mangled by an orc warrior
             ... wielding a +0 dire flail
              (13 damage)
             ... on level 8 of the Dungeon.
             The game lasted 00:16:45 (11882 turns).

mhtbhm the Geomancer (Gargoyle Earth Elementalist) Turns: 11882, Time: 00:16:46

Health: -11/52     AC:  8    Str: 13    XL:     9   Next: 82%
Magic:  16/28      EV: 12    Int: 18    God:    Vehumet [*.....]
Gold:   447        SH:  0    Dex: 10    Spells: 6/21 levels left

rFire    . . .     SeeInvis +   a - +3 flail (venom)
rCold    . . .     Faith    .   (no shield)
rNeg     + . .     Spirit   .   c - +0 robe
rPois    ∞         Reflect  .   (no helmet)
rElec    +         Harm     .   (no cloak)
rCorr    .         Rampage  .   (no gloves)
Will     .....                  (no boots)
Stlth    ++........             (no amulet)
HPRegen  0.17/turn              y - ring of magical power
MPRegen  0.21/turn              s - ring of see invisible

@: no status effects
A: AC +6, negative energy resistance 1, electricity resistance, torment
resistance 1, unbreathing 1, petrification resistance
a: Renounce Religion


You were on level 8 of the Dungeon.
You worshipped Vehumet.
Vehumet was aware of your devotion.
You visited 2 branches of the dungeon, and saw 9 of its levels.
You also visited: Sewer.

You collected 537 gold pieces.
You spent 90 gold pieces at shops.

Inventory:

Hand Weapons
 a - a +3 flail of venom (weapon)
Missiles
 h - 13 poisoned darts (quivered)
 p - 2 throwing nets
 t - 12 boomerangs
 B - 8 atropa-tipped darts
 J - 70 stones
Armour
 c - a +0 robe (worn)
Jewellery
 d - a ring of flight
 s - a ring of see invisible (right hand)
 y - a ring of magical power (left hand)
Wands
 q - a wand of flame (46)
 x - a wand of polymorph (5)
 K - a wand of mindburst (1)
 L - a wand of paralysis (16)
Scrolls
 l - 2 scrolls of torment
 m - a scroll of blinking
 o - 3 scrolls of teleportation
 z - 3 scrolls of amnesia
 C - a scroll of vulnerability {unknown}
 D - a scroll of noise {unknown}
 E - a scroll of fog {unknown}
 F - a scroll of fear {unknown}
 H - 2 scrolls of enchant armour {unknown}
 I - a scroll of immolation {unknown}
Potions
 b - a potion of ambrosia {unknown}
 e - 3 potions of flight
 f - 2 potions of berserk rage
 g - 3 potions of heal wounds
 i - 6 potions of curing
 j - a potion of cancellation {unknown}
 k - 3 potions of might {unknown}
 n - 2 potions of degeneration {unknown}
 r - a potion of invisibility {unknown}
 u - 4 potions of brilliance {unknown}
 v - a potion of attraction {unknown}
 w - 3 potions of haste {unknown}
 A - a potion of mutation {unknown}
 G - 2 potions of magic {unknown}


   Skills:
 + Level 4.0 Fighting
 + Level 5.5 Maces & Flails
 + Level 1.0 Throwing
 + Level 3.9 Dodging
 - Level 2.1 Stealth
 + Level 6.6 Spellcasting
 + Level 2.8 Conjurations
 + Level 0.7 Transmutations
 + Level 9.0 Earth Magic
 + Level 1.3 Evocations


You had 6 spell levels left.
You knew the following spells:

 Your Spells              Type           Power      Damage    Failure   Level
a - Sandblast             Erth           76%        2d16      1%          1
b - Passwall              Tmut/Erth      19%        N/A       2%          2
c - Stone Arrow           Conj/Erth      54%        3d10      3%          3
d - Lee's Rapid Deconstr  Erth           19%        3d12*     8%          5
e - Petrify               Tmut/Erth      23%        N/A       16%         4

Your spell library contained the following spells:

 Spells                   Type           Power      Damage    Failure   Level
 Magic Dart               Conj           64%        1d6       3%          1
 Foxfire                  Conj/Fire      44%        2x1d6     6%          1
 Shock                    Conj/Air       44%        1d5       6%          1
 Sting                    Tmut/Pois      28%        1d4       10%         1
 Corona                   Hex            6%         N/A       11%         1
 Summon Small Mammal      Summ           24%        N/A       11%         1
 Ensorcelled Hibernation  Hex/Ice        12%        N/A       17%         2
 Dazzling Flash           Conj/Hex       22%        N/A       19%         3
 Confusing Touch          Hex            6%         N/A       32%         3
 Tukima's Dance           Hex            6%         N/A       32%         3


Dungeon Overview and Level Annotations

Branches:
Dungeon (8/15)             Temple (1/1) D:5            Lair (0/6) D:8
  Sewer (visited)

Altars:
Ashenzari
Dithmenos
Fedhas
Gozag
Hepliaklqana
Kikubaaqudgha
Makhleb
Nemelex Xobeh
Qazlal
Ru
Sif Muna
Uskayaw
Vehumet
Wu Jian
The Shining One

Shops:
D:5 ?   D:7 ==((


Innate Abilities, Weirdness & Mutations

Your stone body is resilient. (AC +6)
You are immune to poison.
You resist negative energy. (rN+)
You are resistant to electric shocks. (rElec)
You are resistant to unholy torment.
You can survive without breathing.
You are immune to petrification.


Message History

Casting: Lee's Rapid Deconstruction (quite dangerous; 8% risk of failure)
Confirm with . or Enter, or press ? or * to list all spells.
Aiming: Stone Arrow (dangerous; 3% risk of failure)
Press: ? - help, Shift-Dir - straight line The stone arrow hits the orc warrior.
The orc warrior is lightly wounded.
Unknown command.
Casting: Stone Arrow (dangerous; 3% risk of failure)
Confirm with . or Enter, or press ? or * to list all spells.
Okay, then.
Press: ? - help, v - describe, . - travel
Here: an orc warrior, wielding a +0 dire flail and wearing a +0 plate armour (lightly wounded)
The floor.
Unknown command.
Throw: 14 darts (poison)
Press: ? - help, Q - select action, (/) - cycle Shift-Dir - straight line, f - orc warrior
Aim: an orc warrior, wielding a +0 dire flail and wearing a +0 plate armour (lightly wounded, 57% to hit)
You throw a poisoned dart.
The poisoned dart closely misses the orc warrior.
The orc warrior hits you with a +0 dire flail!
Unknown command.
Aiming: Mindburst
Press: ? - help, Shift-Dir - straight line, f/p - orc warrior
Aim: an orc warrior, wielding a +0 dire flail and wearing a +0 plate armour (lightly wounded, chance to affect: 71%)
The orc warrior's mind is blasted!!
The orc warrior closely misses you.
Unknown command.
Okay, then.
You closely miss the orc warrior.
The orc warrior is almost dead.
The orc warrior hits you with a +0 dire flail!
The orc warrior hits you with a +0 dire flail!!
* * * LOW HITPOINT WARNING * * *
You hit the orc warrior but do no damage.
The orc warrior is almost dead.
The orc warrior misses you.
Unknown command.
You hit the orc warrior but do no damage.
The orc warrior is almost dead.
The orc warrior hits you with a +0 dire flail!
You die...

# ######## # ######.......
###### #......#.# .....#
####.#.@o...##
.....#####....#.####.(#
.........................)..
.........#########....######
........## #.##.. .....##.#
.. ### ##.####... ### #.#
####. #.# ..


You could see an orc warrior.

Vanquished Creatures
  2 wargs (D:8)
  Edmund (D:5)
  2 orc warriors (D:8)
  2 ice beasts
  A black bear (D:8)
  2 sky beasts (D:7)
  2 ogres
  A centaur (D:6)
  3 phantoms
  A kobold brigand (Sewer)
  3 bullfrogs
  A gnoll sergeant (D:6)
  A scorpion (D:6)
  2 water moccasin skeletons
  3 howler monkeys
  4 wights (D:6)
  A jelly (D:6)
  A centaur zombie (D:6)
  A bullfrog zombie (D:5)
  4 orc priests
  3 hounds
  An iguana (D:5)
  3 orc wizards
  A hound zombie (D:5)
  5 gnolls (D:6)
  13 adders
  2 river rats (Sewer)
  A shadow imp (D:6)
  2 white imps
  An adder zombie (D:5)
  A dart slug (D:5)
  16 orcs
  5 ball pythons
  3 bats
  3 endoplasms
  15 giant cockroaches
  6 goblins
  11 hobgoblins
  6 jackals
  6 quokkas
  2 frilled lizards
  9 kobolds
  8 rats
161 creatures vanquished.

Vanquished Creatures (others)
  A white imp (D:3)
  5 plants (D:7)
6 creatures vanquished.

Grand Total: 167 creatures vanquished

Notes
Turn   | Place    | Note
-------+----------+-------------------------------------------
     0 | D:1      | mhtbhm the Gargoyle Earth Elementalist began the quest for
                  | the Orb.
     0 | D:1      | Reached XP level 1. HP: 10/10 MP: 3/3
   432 | D:1      | Reached skill level 4 in Earth Magic
   434 | D:1      | Reached XP level 2. HP: 7/15 MP: 0/5
   566 | D:1      | Learned a level 2 spell: Passwall
  1569 | D:2      | Reached XP level 3. HP: 17/19 MP: 6/6
  1573 | D:2      | Learned a level 3 spell: Stone Arrow
  1920 | D:2      | Reached XP level 4. HP: 18/24 MP: 8/8
  2211 | D:2      | Reached skill level 5 in Earth Magic
  2516 | D:2      | Found a glowing golden altar of the Shining One.
  3012 | D:3      | Found a glowing drain.
  3089 | Sewer    | Entered a sewer
  3101 | Sewer    | Reached skill level 1 in Fighting
  3101 | Sewer    | Reached XP level 5. HP: 12/29 MP: 0/9
  3358 | Sewer    | Noticed a kobold brigand
  3378 | Sewer    | Killed a kobold brigand
  3572 | Sewer    | Found a white marble altar of Elyvilon.
  3585 | Sewer    | Became a worshipper of Elyvilon the Healer
  3980 | D:3      | Found a faded altar of an unknown god.
  4054 | D:3      | Reached skill level 1 in Maces & Flails
  4068 | D:3      | Found a burning altar of Makhleb.
  4185 | D:3      | Reached XP level 6. HP: 34/34 MP: 8/11
  4191 | D:3      | Learned a level 5 spell: Lee's Rapid Deconstruction
  4207 | D:3      | Found a blossoming altar of Fedhas.
  4221 | D:3      | Reached * piety under Elyvilon
  5000 | D:4      | Reached skill level 6 in Earth Magic
  5196 | D:4      | Reached ** piety under Elyvilon
  5224 | D:4      | Reached XP level 7. HP: 10/39 MP: 6/13
  5646 | D:4      | Found an opulent altar of Gozag.
  6161 | D:5      | Entered Level 5 of the Dungeon
  6280 | D:5      | Found Ajonedem's Magic Scroll Shop.
  6288 | D:5      | Bought a scroll of identify for 30 gold pieces
  6288 | D:5      | Bought a scroll of identify for 30 gold pieces
  6288 | D:5      | Bought a scroll of identify for 30 gold pieces
  6667 | D:5      | Found a staircase to the Ecumenical Temple.
  6680 | D:5      | Noticed Sigmund
  6682 | D:5      | Noticed Sigmund
  6682 | D:5      | Sigmund changed into Sigmund the ice beast
  6687 | D:5      | Killed Sigmund the ice beast
  6693 | D:5      | Noticed Edmund
  6704 | Temple   | Entered the Ecumenical Temple
  6940 | Temple   | Fell from the grace of Elyvilon
  6940 | Temple   | Became a worshipper of Vehumet
  6970 | D:5      | Killed Edmund
  6971 | D:5      | Reached skill level 7 in Earth Magic
  6971 | D:5      | Reached XP level 8. HP: 18/45 MP: 3/15
  7261 | D:5      | Reached skill level 5 in Spellcasting
  8221 | D:6      | Reached skill level 1 in Conjurations
  8766 | D:6      | Noticed Blork the orc
  8781 | D:6      | Noticed Blork
  8781 | D:6      | Blork the orc changed into Blork the hound
  8786 | D:6      | Killed Blork the hound
  8787 | D:6      | Reached skill level 8 in Earth Magic
  9251 | D:6      | Reached * piety under Vehumet
  9251 | D:6      | Offered knowledge of Magic Dart by Vehumet.
  9305 | D:6      | Reached XP level 9. HP: 50/50 MP: 13/17
  9308 | D:6      | Reached skill level 1 in Evocations
  9313 | D:6      | Learned a level 4 spell: Petrify
  9797 | D:7      | Found Dikun's Jewellery Shoppe.
  9800 | D:7      | Found Tehiuts's Weapon Shoppe.
  9800 | D:7      | Found Hyigh's Jewellery Shoppe.
  9806 | D:7      | Found Yreph's Antique Weapon Shoppe.
  9921 | D:7      | Found a glowing golden altar of the Shining One.
  9980 | D:7      | Found a shadowy altar of Dithmenos.
 10455 | D:7      | Found a hazy altar of Hepliaklqana.
 10776 | D:8      | Reached skill level 5 in Maces & Flails
 10931 | D:8      | HP: 2/51 [disintegration (24)]
 11281 | D:8      | Found a staircase to the Lair.
 11290 | D:8      | Reached skill level 1 in Throwing
 11301 | D:8      | Reached skill level 9 in Earth Magic
 11847 | D:8      | Identified A Beginning Course on Magic
 11880 | D:8      | HP: 2/52 [orc warrior/+0 dire flail (22)]
 11882 | D:8      | Mangled by an orc warrior

Illustrated notes

Levels and vault maps discovered:
D:1:      dpeg_arrival_three_smaller_balls, layout_rooms
D:2:      minmay_recursive_quarters, layout_basic, basic_altar, minmay_vboxes
D:3:      minmay_roachtagon, layout_basic, fedhas_altar_1,
          general_overflow_altar, basic_ecumenical_altar, portal_sewer_entry_f,
          hex_intersection, kennysheep_minor_cross, supply_closet_lemuel
D:4:      layout_gridville, lemuel_crystal_altar, st_stairs_10
D:5:      layout_gridville, minmay_temple_entry_overgrown, serial_shops, shop,
          minmay_misc_feat_more_columns, roderic_serpentine_path, uniq_edmund,
          uniq_sigmund, uniq_duvessa
D:6:      layout_basic, uniq_blork_the_orc
D:7:      layout_basic, nicolae_dithmenos_through_a_glass_darkly,
          kennysheep_mini_moat, nicolae_hepliaklqana_hazy_memory,
          minmay_shop_grid_forest
D:8:      layout_rooms, erik_lair_orcish_takeover, kennysheep_nondescript
Temple:   minmay_temple_curvy_loop

Skill      XL: |  1  2  3  4  5  6  7  8  9 |
---------------+----------------------------+-----
Earth Magic    | 4 5 6 7 8 9 |  9.0
Fighting       | 1 2 3 4 |  4.0
Spellcasting   | 3 4 5 6 |  6.6
Dodging        | 2 3 |  3.9
Maces & Flails | 1 2 3 5 |  5.5
Conjurations   | 1 2 |  2.8
Evocations     | 1 |  1.3
Throwing       | 1 |  1.0
Stealth        | |  2.1
Transmutations | |  0.7

Action                   |  1- 3 |  4- 6 |  7- 9 || total
-------------------------+-------+-------+-------++-------
Melee: Club              |    43 |   126 |       ||   169
       Mace              |       |    39 |    35 ||    74
       Flail             |       |       |    86 ||    86
Throw: Dart              |     1 |       |     9 ||    10
       Throwing net      |       |       |     2 ||     2
 Cast: Sandblast         |    32 |    60 |    39 ||   131
       Stone Arrow       |       |     1 |    52 ||    53
       Lee's Rapid Decon |       |       |     7 ||     7
Evoke: Wand              |       |       |    17 ||    17
  Use: Scroll            |     2 |     4 |     3 ||     9
       Potion            |       |       |     1 ||     1
 Stab: Sleeping          |       |     5 |       ||     5
Armor: Robe              |    22 |    79 |    71 ||   172
Dodge: Dodged            |    51 |   158 |   101 ||   310

Table legend: (Time is in decaauts)
 A = Elapsed time spent in this place.
 B = Non-inter-level travel time spent in this place.
 C = Inter-level travel time spent in this place.
 D = Time resting spent in this place.
 E = Time spent auto-exploring this place.
 F = Levels seen in this place.
 G = Mean time per level.
                   A        B        C        D        E       F      G
               +--------+--------+--------+--------+--------+-----+--------+
         Total |  11964 |  11889 |     75 |   3882 |   6275 |  10 | 1196.4 |
       Dungeon |  11179 |  11104 |     75 |   3527 |   5966 |   8 | 1397.4 |
        Temple |    252 |    252 |      0 |      0 |    225 |   1 |  252.0 |
         Sewer |    532 |    532 |      0 |    355 |     84 |   1 |  532.0 |
               +--------+--------+--------+--------+--------+-----+--------+

Top non-repeatable levels by time:
     D:6: 1905 daAuts
     D:1: 1543 daAuts
     D:2: 1467 daAuts
     D:5: 1460 daAuts
     D:3: 1422 daAuts
     D:4: 1252 daAuts
     D:8: 1155 daAuts
     D:7: 972 daAuts
   Sewer: 532 daAuts
  Temple: 252 daAuts
